cohdb
Replays
Latest Replays
All Replays
Popular Replays
Top Player Replays
Match Explorer
How It Works
Community
CoH3 Stats
Reddit
Sign in to upload your games and track your stats! →
Sign in with Steam
Match 20075093
Unlisted
Match 20075093
Overview
Messages
Build Orders
End
Kradschützen Motorcycle Team
Selects Armored Support Battlegroup
Panzergrenadier Squad
Panzergrenadier Squad
Construct Light Support Kompanie
2.5-tonne Medical Truck
Fire Support Elements
Selects Veteran Gunners
Veteran Squad Leaders
Assault Mechanized Group
Combat Half-tracks
Construct Panzerarmee Kommand
Selects Vehicle Awareness
Selects Panzer Storm
Panzer III L Medium Tank
Panzer III L Medium Tank
Tungsten Core Ammunition
Selects Flammpanzer III Medium Tank Sd.Kfz. 141
Panzer III L Medium Tank
Vehicle Survival Package
Walking Stuka Rocket Launcher
2.5-tonne Medical Truck
Advanced Field Repairs
Panzer III L Medium Tank
Panzer Storm
Selects Battlefield Salvage
Selects Stuka Anti-tank Loiter
Rapid Advance
Armored Reserves
Stuka Anti-tank Loiter
Emergency Repair Kits
Tiger Heavy Tank
Folscher
Apache
heybuy
ah
0
0
Comments
sign in to comment!
No comments posted yet!